 Dungeon Crawl Stone Soup version 0.23.1 (webtiles) character file.

Game seed: 9352549099509227957

126 PikkenKukken the Gusty (level 4, -4/33 HPs)
             Began as a Draconian Air Elementalist on Mar 4, 2019.
             Slain by a gnoll
             ... wielding a +0 flail
              (9 damage)
             ... on level 2 of the Dungeon.
             The game lasted 00:06:42 (2933 turns).

PikkenKukken the Gusty (Draconian Air Elementalist) Turns: 2933, Time: 00:06:44

Health: -4/33      AC:  5    Str: 10    XL:     4   Next: 83%
Magic:  3/7        EV: 13    Int: 17    God:
Gold:   132        SH:  0    Dex: 11    Spells: 3/7 levels left

rFire    . . .     SeeInvis .   d - +1 whip (flame)
rCold    . . .     Gourm    .   (no shield)
rNeg     . . .     Faith    .   (armour unavailable)
rPois    .         Spirit   .   (helmet restricted)
rElec    .         Reflect  .   (no cloak)
rCorr    .         Harm     .   (no gloves)
MR       .....                  (no boots)
Stlth    ++........             (no amulet)
HPRegen  0.11/turn              (no ring)
MPRegen  0.10/turn              (no ring)

@: no status effects
A: unfitting armour, cold-blooded, AC +5
a: no special abilities


You were on level 2 of the Dungeon.
You were very hungry.

You visited 1 branch of the dungeon, and saw 3 of its levels.

You collected 132 gold pieces.

Inventory:

Hand Weapons
 d - a +1 whip of flaming (weapon)
Scrolls
 e - a scroll of remove curse
Potions
 a - a potion of heal wounds {unknown}
 c - 2 potions of invisibility {unknown}
 f - a potion of flight {unknown}
 h - a potion of resistance {unknown}
Comestibles
 b - 4 rations


   Skills:
 + Level 3.0 Dodging
 - Level 1.7 Stealth
 - Level 2.0 Spellcasting
 + Level 2.7 Conjurations
 + Level 4.0 Air Magic


You had 3 spell levels left.
You knew the following spells:

 Your Spells              Type           Power        Failure   Level  Hunger
a - Shock                 Conj/Air       ##..         4%          1    #......
b - Static Discharge      Conj/Air       ##......     14%         3    ###....

Your spell library contained the following spells:

 Spells                   Type           Power        Failure   Level  Hunger
 Swiftness                Chrm/Air       #.......     13%         2    ###....
 Airstrike                Air            ###.......   36%         4    #####..
 Lightning Bolt           Conj/Air       ##........   80%         5    ######.


Dungeon Overview and Level Annotations

Branches:
Dungeon (3/15)

Altars:
Okawaru
Qazlal


Innate Abilities, Weirdness & Mutations

Your plain brown scales are hard. (AC +5)
You cannot fit into any form of body armour.
You are cold-blooded and may be slowed by cold attacks.


Message History

You climb upwards.
There is a stone staircase leading down here.
The gnoll hits you with a +0 flail!
Casting: Shock (safe; 4% risk of failure)
Confirm with . or Enter, or press ? or * to list all spells.
Aiming: Shock (safe; 4% risk of failure)
Press: ? - help, Shift-Dir - straight line, f - gnoll
Aim: a gnoll, wielding a +0 flail The zap hits the gnoll.
The gnoll is lightly wounded.
The gnoll hits you with a +0 flail!
* * * LOW HITPOINT WARNING * * *
Casting: Shock (safe; 4% risk of failure)
Confirm with . or Enter, or press ? or * to list all spells.
The gnoll is struck by an arc of lightning.
The gnoll is moderately wounded.
You are struck by an arc of lightning.
* * * LOW HITPOINT WARNING * * *
The lightning grounds out.
The gnoll hits you with a +0 flail!
You die...

###..#######.#########.
##.## ##.###### ## #..#
#.......#
##.#####.#.###.##
#)..##..#)# #..##
###.......# ##..#
#######...#### ##.###
#...###)..#######.....
#>..g@...............#
#...###...##########..
#...##..#..#### ##.
###.....##....### #.
#.....###.....#####.
#...................
#.....###...#....#.#
#.....# ###.#..#....
#.....# #..#.#...#


You could see a gnoll.

Vanquished Creatures
  A worker ant (D:2)
  A gnoll (D:2)
  3 adders
  4 worms (D:2)
  2 dart slugs
  2 giant cockroaches
  5 goblins
  10 hobgoblins
  3 jackals (D:1)
  8 kobolds
  A quokka (D:1)
  A ball python (D:2)
  5 bats
  3 frilled lizards
  6 rats
55 creatures vanquished.

Notes
Turn   | Place    | Note
-------+----------+-------------------------------------------
     0 | D:1      | PikkenKukken the Draconian Air Elementalist began the quest
                  | for the Orb.
     0 | D:1      | Reached XP level 1. HP: 14/14 MP: 3/3
   514 | D:1      | Reached XP level 2. HP: 17/20 MP: 1/5
  1543 | D:2      | Reached XP level 3. HP: 24/26 MP: 4/6
  2086 | D:2      | Learned a level 3 spell: Static Discharge
  2102 | D:2      | Reached XP level 4. HP: 28/33 MP: 1/7
  2563 | D:2      | Reached skill level 4 in Air Magic
  2628 | D:2      | Found a stormy altar of Qazlal.
  2820 | D:3      | Found an iron altar of Okawaru.
  2933 | D:2      | Slain by a gnoll

Skill      XL: |  1  2  3  4 |
---------------+-------------+-----
Dodging        | 2 3 |  3.0
Conjurations   | 2 |  2.7
Air Magic      | 4 |  4.0
Stealth        | |  1.7
Spellcasting   | |  2.0

Action                   |  1- 3 |  4- 6 || total
-------------------------+-------+-------++-------
Melee: Unarmed           |    24 |       ||    24
       Tailslap          |     5 |     1 ||     6
       Whip              |    51 |     7 ||    58
 Cast: Shock             |    57 |    30 ||    87
       Static Discharge  |       |     2 ||     2
  Use: Scroll            |     2 |     2 ||     4
 Stab: Sleeping          |     1 |       ||     1
  Eat: Chunk             |     5 |     2 ||     7
Armor: Skin              |    14 |     2 ||    16
Dodge: Dodged            |    57 |    11 ||    68
